 Dungeon Crawl Stone Soup version 0.29-a0-1008-g949cc1d0fb (webtiles) character file.

Game seed: 6772505192966302464

596701 flotson the Severer (level 25, 199/199 HPs)
             Began as a Demonspawn Delver on Aug 2, 2022.
             Was an Initiate of Gozag.
             Quit the game on level 3 of the Abyss on Aug 7, 2022.
             The game lasted 02:46:36 (66252 turns).

flotson the Severer (Demonspawn Delver)            Turns: 66252, Time: 02:46:36

Health: 199/199    AC: 41    Str: 32      XL:     25   Next: 83%
Magic:  37/37      EV: 14    Int: 15      God:    Gozag
Gold:   14709      SH: 36    Dex: 16 (17) Spells: 20/44 levels left

rFire   + . .      SeeInvis +   a - +9 broad axe "flotson's Death" {vorpal, rElec rCorr Str+6 Dex+3}
rCold   + + .      Faith    .   k - +8 tower shield {reflect}
rNeg    + . .      Spirit   +   H - +10 plate armour of Temperance {rN+ Regen+ Slay+2 SInv}
rPois   .          Reflect  +   w - +3 helmet of the Assorted Spirits {rElec rC+ Str+2}
rElec   +          Harm     .   h - +2 cloak {Will+}
rCorr   +          Rampage  .   (gloves unavailable)
Will    +++..                   U - +1 pair of boots "Buapnyqi" {Str+4 Slay+2}
Stlth   ..........              y - brooch of Shielding {Spirit SH+8}
HPRegen 1.23/turn               m - ring of Jaakhung {rF+ Slay+3}
MPRegen 0.50/turn               Y - +4 ring of slaying

@: gold aura
A: claws 3, icy blue scales 3, hurl damnation, torment resistance 1, magic
shield, magic regeneration, magic link, demonic magic 3, demonic willpower,
hooves 1, deterioration 2, (teleportitis 1), subdued magic 1, inability to read
while threatened 1, [clumsy 1]
}: 4/15 runes: serpentine, barnacled, slimy, silver
a: Hurl Damnation, Renounce Religion, Potion Petition, Call Merchant, Bribe
Branch


You were on level 3 of the Abyss.
You worshipped Gozag.
Gozag was extremely pleased with you.
You visited 9 branches of the dungeon, and saw 47 of its levels.
You visited the Abyss 3 times.
You visited 1 bazaar.
You also visited: Gauntlet.

You collected 27842 gold pieces.
You spent 9354 gold pieces at shops.
You paid 3779 gold pieces to Gozag.

Inventory:

Hand Weapons
 a - the +9 broad axe "flotson's Death" (weapon) {vorpal, rElec rCorr Str+6 Dex+3}
   (You bought it in a shop on level 4 of the Snake Pit)

   It inflicts extra damage upon your enemies.
   Str:       It affects your strength (+6).
   Dex:       It affects your dexterity (+3).
   rElec:     It insulates you from electricity.
   rCorr:     It protects you from acid and corrosion.
 b - a +9 vampiric war axe
Missiles
 s - 11 boomerangs of dispersal
 G - 15 silver javelins (quivered)
 J - 35 atropa-tipped darts
 K - 4 datura-tipped darts
 R - 10 throwing nets
 T - 7 curare-tipped darts
Armour
 h - a +2 cloak of willpower (worn)
 k - a +8 tower shield of reflection (worn)
 w - the +3 helmet of the Assorted Spirits (worn) {rElec rC+ Str+2}
   (You took it off Robin on level 3 of the Dungeon)

   Str:       It affects your strength (+2).
   rC:        It protects you from cold.
   rElec:     It insulates you from electricity.
 H - the +10 plate armour of Temperance (worn) {rN+ Regen+ Slay+2 SInv}
   (You bought it in a shop on level 3 of the Elven Halls)

   Slay:      It affects your accuracy & damage with ranged weapons and melee
   (+2).
   rN:        It protects you from negative energy.
   SInv:      It lets you see invisible.
   Regen:     It increases your rate of health regeneration.
 U - the +1 pair of boots "Buapnyqi" (worn) {Str+4 Slay+2}
   (You found it on level 1 of the Lair of Beasts)

   Str:       It affects your strength (+4).
   Slay:      It affects your accuracy & damage with ranged weapons and melee
   (+2).
 Z - a scarf of invisibility
Jewellery
 m - the ring of Jaakhung (left claw) {rF+ Slay+3}
   (You bought it in a shop on level 3 of the Elven Halls)

   [ring of protection from fire]

   Slay:      It affects your accuracy & damage with ranged weapons and melee
   (+3).
   rF:        It protects you from fire.
 v - the ring "Hesel" {+Blink Fly rF+}
   (You found it on level 5 of the Pits of Slime)

   [ring of flight]

   rF:        It protects you from fire.
   Fly:       It grants you flight.
   +Blink:    It lets you blink.
 y - the brooch of Shielding (around neck) {Spirit SH+8}
   (You bought it in a shop on level 3 of the Elven Halls)

   [amulet of guardian spirit]

   It causes incoming damage to be divided between your reserves of health and
   magic.
   SH:        It affects your SH (+8).
 Y - a +4 ring of slaying (right claw)
Wands
 g - a wand of digging (15)
 u - a wand of paralysis (28)
 E - a wand of acid (26)
 L - a wand of iceblast (21)
 M - a wand of mindburst (16)
Scrolls
 c - 8 scrolls of fog
 i - 4 scrolls of silence
 l - 9 scrolls of immolation
 n - 13 scrolls of magic mapping
 p - 16 scrolls of teleportation
 D - 9 scrolls of fear
 F - 10 scrolls of poison
 P - 9 scrolls of blinking
 Q - 7 scrolls of summoning
 S - 7 scrolls of vulnerability
 V - 6 scrolls of torment
Potions
 f - 10 potions of haste
 j - 16 potions of heal wounds
 o - 15 potions of curing
 q - 2 potions of might
 t - 13 potions of attraction
 z - 7 potions of berserk rage
 A - 4 potions of ambrosia
 C - 12 potions of lignification
 I - 6 potions of resistance
 W - 4 potions of invisibility
 X - 2 potions of cancellation
Miscellaneous
 d - a lightning rod (4/4)
 e - a condenser vane
 r - a phantom mirror
 x - a piece from Xom's chessboard (15/15)
 B - a phial of floods
 N - a box of beasts
 O - a piece from Xom's chessboard (15/15)


   Skills:
 + Level 16.4 Fighting
 - Level 17.9(18.0) Axes
 - Level 1.7(11.8) Polearms
 + Level 12.5 Throwing
 + Level 15.1 Armour
 + Level 15.2 Dodging
 - Level 4.5 Stealth
 * Level 16.8 Shields
 + Level 10.1 Spellcasting
 + Level 10.5 Conjurations
 + Level 10.5 Hexes
 + Level 9.9 Translocations
 + Level 9.8 Ice Magic
 + Level 16.3 Evocations


You had 20 spell levels left.
You knew the following spells:

 Your Spells              Type           Power      Damage    Failure   Level
a - Dazzling Flash        Conj/Hex       60%        N/A       4%          3
b - Apportation           Tloc           56%        N/A       1%          1
c - Blink                 Tloc           56%        N/A       2%          2
d - Ensorcelled Hibernat  Hex/Ice        58%        N/A       2%          2
e - Tukima's Dance        Hex            30%        N/A       4%          3
f - Cause Fear            Hex            15%        N/A       16%         4
g - Lesser Beckoning      Tloc           28%        N/A       6%          3
h - Teleport Other        Tloc           28%        N/A       6%          3
i - Gell's Gravitas       Tloc           28%        N/A       6%          3

Your spell library contained the following spells:

 Spells                   Type           Power      Damage    Failure   Level
 Magic Dart               Conj           100%       1d8       1%          1
 Searing Ray              Conj           60%        2d6       1%          2
 Frozen Ramparts          Ice            56%        1d9       6%          3
 Shock                    Conj/Air       72%        1d7       14%         1
 Fulminant Prism          Conj/Hex       15%        3d11      16%         4
 Iskenderun's Mystic Bla  Conj/Tloc      29%        2d7       19%         4
 Passage of Golubria      Tloc           28%        N/A       21%         4
 Stone Arrow              Conj/Erth      36%        3d9       41%         3
 Iskenderun's Battlesphe  Conj           30%        2d8       41%         5
 Manifold Assault         Tloc           28%        N/A       52%         5
 Mephitic Cloud           Conj/Pois/Air  13%        N/A       67%         3
 Beastly Appendage        Tmut           10%        N/A       78%         1
 Anguish                  Hex/Necr       9%         N/A       83%         4
 Flame Wave               Conj/Fire      18%        2d7       83%         4
 Ice Form                 Ice/Tmut       17%        N/A       86%         4
 Summon Ice Beast         Ice/Summ       17%        N/A       86%         4
 Passwall                 Tmut/Erth      4%         N/A       89%         2
 Poisonous Vapours        Pois/Air       10%        N/A       89%         2
 Scorch                   Fire           10%        2d6       89%         2
 Wereblood                Tmut           5%         N/A       89%         2
 Freezing Cloud           Conj/Ice/Air   10%        6-21      92%         5
 Dispersal                Tloc           14%        N/A       98%         6
 Ignite Poison            Fire/Tmut/Pois 5%         N/A       99%         3
 Spider Form              Tmut/Pois      5%         N/A       99%         3
 Swiftness                Air            5%         N/A       99%         3
 Fireball                 Conj/Fire      9%         3d6       99%         5
 Irradiate                Conj/Tmut      9%         3d14      99%         5
 Silence                  Hex/Air        9%         N/A       99%         5
 Summon Forest            Summ/Tloc      8%         N/A       99%         5
 Summon Mana Viper        Hex/Summ       18%        N/A       99%         5
 Yara's Violent Unravell  Hex/Tmut       9%         3d6       99%         5
 Airstrike                Air            2%         2d(1-17)  100%        4
 Animate Armour           Summ/Erth      10%        N/A       100%        4
 Olgreb's Toxic Radiance  Pois           5%         N/A       100%        4
 Petrify                  Tmut/Erth      5%         N/A       100%        4
 Summon Lightning Spire   Summ/Air       5%         N/A       100%        4
 Alistair's Intoxication  Tmut/Pois      3%         N/A       100%        5
 Borgnjor's Vile Clutch   Necr/Erth      2%         N/A       100%        5
 Lee's Rapid Deconstruct  Erth           2%         3d6*      100%        5
 Conjure Ball Lightning   Conj/Air       9%         3x3d6     100%        6
 Eringya's Noxious Bog    Tmut/Pois      2%         N/A       100%        6
 Starburst                Conj/Fire      9%         6d5       100%        6
 Statue Form              Tmut/Erth      3%         N/A       100%        6
 Summon Cactus Giant      Summ           2%         N/A       100%        6
 Dragon Form              Tmut           2%         N/A       100%        7
 Enfeeble                 Hex            15%        N/A       100%        7
 Malign Gateway           Summ/Tloc      8%         N/A       100%        7
 Monstrous Menagerie      Summ           2%         N/A       100%        7
 Orb of Destruction       Conj           15%        9d7       100%        7
 Ozocubu's Refrigeration  Ice            14%        4d10      100%        7
 Storm Form               Tmut/Air       2%         N/A       100%        7
 Borgnjor's Revivificati  Necr           2%         N/A       100%        8
 Discord                  Hex            15%        N/A       100%        8
 Disjunction              Tloc           14%        N/A       100%        8
 Ignition                 Fire           2%         3d3       100%        8
 Lehudib's Crystal Spear  Conj/Erth      9%         10d4      100%        8
 Maxwell's Capacitive Co  Air            2%         ∞         100%        8
 Summon Horrible Things   Summ           2%         N/A       100%        8
 Dragon's Call            Summ           2%         N/A       100%        9
 Fire Storm               Conj/Fire      9%         8d2       100%        9
 Polar Vortex             Ice            14%        N/A       100%        9
 Simulacrum               Ice/Necr       Unusable   N/A       N/A         6

Dungeon Overview and Level Annotations

Branches:
Dungeon (15/15)            Temple (0/1) D:6            Lair (5/5) D:9
 Shoals (4/4) Lair:2        Snake (4/4) Lair:2        Slime (5/5) Lair:5
    Orc (2/2) D:11            Elf (3/3) Orc:2        Vaults (5/5) D:13
  Crypt (0/3) Vaults:3     Depths (4/4) D:15        Gauntlet (visited)
    Zot: Depths:4

Altars:
Fedhas
Gozag
Hepliaklqana
Makhleb
Qazlal
Sif Muna
Trog
Vehumet
Wu Jian
Xom
Yredelemnul
Lugonu

Shops:
D:8 :   D:10 *(   D:11 *   Orc:2 ![*[   Elf:3 *=[=   Shoals:1 :   Shoals:3 (
Snake:4 (**((

Portals:
Hell: Depths:1 Depths:2 Depths:3 Depths:4
Abyss: Lair:1 Depths:3
Pandemonium: Depths:2 Depths:3
Ziggurat: Depths:1

Annotations:
D:10 Erolcha


Innate Abilities, Weirdness & Mutations

You have claws for hands.
You are completely covered in icy blue scales. (AC +4, rC+)
You can hurl damnation.
You are resistant to unholy torment.
When hurt, damage is shared between your health and your magic reserves.
You regenerate magic rapidly.
When low on magic, you restore magic in place of health.
Spells you cast and wands you use may paralyse nearby enemies.
You punish those that try to bend your will. (Will+)
You have large cloven feet.
Your body often deteriorates upon taking damage.
((You are occasionally teleported next to monsters.))
Your spells are a little easier to cast, but a little less powerful.
You occasionally lose the ability to read scrolls when taking damage.
[You are clumsy. (Dex -2)]


Message History

The bone dragon is lightly damaged.
You block the bone dragon's attack. x2
The bone dragon tramples you but does no damage.
Unknown command.
You slice the bone dragon!!
The bone dragon is lightly damaged.
You block the bone dragon's attack. x2; The bone dragon completely misses you.
Unknown command.
You hit the bone dragon.
The bone dragon is moderately damaged.
You feel your health improve. You block the bone dragon's attack.
The bone dragon closely misses you. You block the bone dragon's attack.
Unknown command.
You cut the bone dragon into ribbons!!!
The bone dragon is heavily damaged.
You block the bone dragon's attack. The bone dragon claws you.
The bone dragon tramples you but does no damage.
Unknown command.
You slice the bone dragon!!
The bone dragon is severely damaged.
You block the bone dragon's attack. x2; The bone dragon misses you.
Unknown command.
You chop the bone dragon into pieces!!!
The bone dragon is almost destroyed.
You slash the bone dragon!
You destroy the bone dragon!
You feel your intelligence returning.
You feel the corruption within you wane somewhat.
Your system completely accepts the healing effects of potions.
Unknown command.
No target in view!
Unknown command.
You now have 14702 gold pieces (gained 26).
You now have 14709 gold pieces (gained 7).
A tentacled starspawn comes into view.
A tentacle flies out from the starspawn's body!
A starspawn tentacle comes into view.
Unknown command.
Are you sure you want to abandon this character and quit the game? (Confirm with "yes".)

##.##.... .
...
.######....#
## ..#.#
..........#..#
...#
..........####
.. ........###
.... ####....#
.#. ##..## .
.#.###
...#@..#
.....#..##
..........#
..... ##..#
..... ...#
#.... ...#
.... #Xw.#


You could see a tentacled starspawn and a starspawn tentacle.

Vanquished Creatures
  the Royal Jelly (Slime:5)
  2 ancient liches
  2 dread liches (Vaults:5)
  A juggernaut (Depths:1)
  Frederick (Vaults:5)
  Margery (Vaults:4)
  Vashnia (Snake:4)
  2 golden dragons
  7 bone dragons (Abyss:3)
  2 tentacled monstrosities
  Jorgrun (D:15)
  Rupert (D:14)
  9 liches
  5 titans
  3 deep elf master archers (Elf:3)
  A walking frostbound tome (Depths:2)
  2 Executioners (Abyss:3)
  3 deep elf blademasters
  2 krakens (Shoals:3)
  2 quicksilver dragons (Vaults:5)
  27 acid blobs
  6 sphinxes
  Polyphemus (Shoals:3)
  The ghost of gdog the Unseen, an adept GnDe of Gozag (Shoals:1)
  25 tentacled starspawn (Abyss:3)
  2 tengu reavers
  3 shadow dragons (Vaults:5)
  2 daevas
  6 storm dragons
  6 nagarajas
  Agnes (D:14)
  Donald (Vaults:4)
  Ilsuiw (Shoals:3)
  An azure jelly (shapeshifter) (Vaults:5)
  2 revenants (Abyss:3)
  6 rockslimes (Slime:5)
  9 azure jellies
  9 fire giants
  4 iron dragons
  15 vault wardens
  8 deep elf sorcerers
  3 cacodemons (Abyss:3)
  Aizul (Snake:1)
  11 frost giants
  A balrug (Abyss:3)
  A caustic shrike zombie (Abyss:3)
  2 juggernaut zombies (Abyss:3)
  20 ironbound preservers
  An orc warlord (Orc:2)
  6 deep elf elementalists (Elf:3)
  An angel (Abyss:3)
  A reaper (Abyss:3)
  4 war gargoyles
  38 very ugly things
  A quicksilver ooze (shapeshifter) (Vaults:5)
  14 quicksilver oozes
  2 spriggan defenders (Depths:2)
  20 stone giants
  2 vampire knights (Depths:3)
  4 deep elf demonologists
  An ophan (Abyss:3)
  9 ironbound thunderhulks
  Nessos (D:14)
  A lorocyproca (Abyss:3)
  A yellow draconian (Abyss:3)
  5 dire elephants
  A minotaur (Gauntlet)
  10 spark wasps
  7 deep elf annihilators
  A spark wasp (shapeshifter) (Vaults:5)
  12 deep elf death magi (Elf:3)
  An eidolon (Vaults:3)
  A crystal guardian (Vaults:2)
  18 ettins
  9 fire dragons
  2 blizzard demons
  6 merfolk javelineers
  11 merfolk impalers
  Josephine (D:10)
  6 deep elf high priests
  Harold (D:9)
  17 great orbs of eyes
  10 yaktaur captains
  A boulder beetle (shapeshifter) (Depths:2)
  14 rakshasas
  7 hydras
  15 ice dragons
  3 boulder beetles
  A hell beast (Depths:4)
  A catoblepas (Shoals:3)
  5 ogre magi (Vaults:5)
  34 vault guards
  17 centaur warriors
  2 alligator snapping turtles
  15 anacondas
  3 spriggan air magi
  3 peacekeepers
  2 merfolk aquamancers
  7 two-headed ogres
  11 naga warriors
  An anaconda (shapeshifter) (Abyss:3)
  Erica (D:8)
  A death knight (Vaults:3)
  4 merfolk avatars
  2 satyrs
  4 ironbound frosthearts
  7 death yaks
  35 dancing weapons
  10 tengu warriors
  An alligator (Shoals:1)
  11 deep troll shamans
  2 vampire magi (Depths:1)
  A hell hog (Abyss:3)
  4 spriggan berserkers
  5 shock serpents
  15 sun demons
  13 deep troll earth magi
  25 thrashing horrors
  2 orc high priests
  11 wretched stars (Abyss:3)
  3 soul eaters
  8 naga sharpshooters
  7 hell knights
  13 deep elf knights
  4 sixfirhies
  A skeletal warrior (Abyss:3)
  2 fire crabs (Lair:1)
  A bunyip zombie (Abyss:3)
  A death drake (Abyss:3)
  4 salamander mystics
  10 iron trolls
  13 sea snakes
  2 spatial maelstroms (Abyss:3)
  A goliath frog (Abyss:3)
  47 starcursed masses (Abyss:3)
  2 shadow demons
  9 glowing orange brains
  50 deep trolls
  An orb spider (Abyss:3)
  4 wizards
  7 lindwurms
  A flayed ghost (Abyss:3)
  An orange crystal statue (D:11)
  10 naga ritualists
  9 deep elf archers
  12 ironbound convokers
  A lindwurm (shapeshifter) (Elf:2)
  30 harpies
  6 phantasmal warriors
  20 deep elf zephyrmancers
  4 necromancers
  3 orc knights
  A wolf spider (Vaults:5)
  52 ugly things
  7 mana vipers
  26 deep elf pyromancers
  A stone giant zombie (Vaults:1)
  12 manticores
  2 orc sorcerers
  2 shining eyes (shapeshifter)
  8 cyclopes
  15 merfolk sirens
  2 moths of wrath (Shoals:1)
  A human skeleton (Vaults:1)
  5 elephants (Lair:5)
  8 shining eyes
  A moth of wrath (shapeshifter) (Vaults:4)
  3 worldbinders (Abyss:3)
  15 salamanders
  7 guardian serpents
  3 eyes of devastation
  The ghost of ptdevnull the Gusty, a novice TeAE (D:6)
  13 fauns
  7 water nymphs
  30 black mambas
  Maurice (D:8)
  2 apocalypse crabs (Abyss:3)
  11 naga magi
  5 orange demons
  An elf zombie (Vaults:1)
  2 rust devils
  6 cane toads
  14 smoke demons
  2 gargoyles
  2 torpor snails (Lair:4)
  22 vault sentinels
  7 rime drakes
  A naga skeleton (Abyss:3)
  2 unseen horrors (Abyss:3)
  2 hellions
  An unseen horror (shapeshifter) (Abyss:3)
  An alligator snapping turtle zombie (Abyss:3)
  2 kobold demonologists
  4 komodo dragons
  34 yaktaurs
  6 efreet (Abyss:3)
  4 demonic crawlers (Abyss:3)
  4 freezing wraiths
  2 tormentors
  3 tengu conjurers
  4 ice devils (Depths:1)
  6 hellwings
  2 red devils
  17 ancient zymes
  9 trolls
  33 merfolk
  3 meliai (D:13)
  9 hornets
  A meliai (shapeshifter) (Depths:1)
  A tyrant leech (Abyss:3)
  A polar bear (shapeshifter) (D:13)
  4 polar bears (Lair:5)
  A troll (shapeshifter) (Abyss:3)
  50 slime creatures
  7 wind drakes
  An ettin zombie (Vaults:1)
  Prince Ribbit (D:7)
  A raiju (shapeshifter) (Vaults:5)
  A harpy skeleton (Abyss:3)
  A tarantella (Abyss:3)
  6 snapping turtles
  A dream sheep (Lair:5)
  26 raiju
  19 blink frogs
  12 flying skulls (Abyss:3)
  A jumping spider (shapeshifter) (D:15)
  6 air elementals
  4 shadows
  15 spriggans (Lair:5)
  9 wraiths
  8 water elementals
  6 wyverns
  45 yaks
  15 ynoxinuls
  4 basilisks
  9 fire bats
  6 fire elementals
  A golden eye (shapeshifter) (Vaults:5)
  A steam dragon (D:8)
  12 neqoxecs (Abyss:3)
  9 golden eyes
  8 chaos spawn
  An elf skeleton (Vaults:1)
  3 vampire mosquitoes (D:12)
  2 wargs (Orc:2)
  A redback (shapeshifter) (Vaults:5)
  3 spatial vortices (Abyss:3)
  6 hell hounds (Abyss:3)
  2 acid dragons
  42 nagas
  4 floating eyes
  35 small abominations
  15 water moccasins
  3 sky beasts
  39 orc warriors
  4 boggarts (Lair:5)
  41 large abominations
  26 wolves
  6 black bears
  20 centaurs
  A tengu (shapeshifter) (Abyss:3)
  10 ogres
  A phantom (D:7)
  2 kobold brigands (D:9)
  A gnoll sergeant (D:7)
  9 bullfrogs
  5 scorpions
  3 earth elementals
  2 wights
  2 electric eels
  4 howler monkeys
  5 jellies
  4 crimson imps (Depths:1)
  4 quasits
  2 centaur zombies
  4 hounds
  7 orc priests
  8 iron imps
  An iguana (D:7)
  17 orc wizards
  The ghost of flotson the Sneak, a weakling DsDe (D:4)
  A hound skeleton (D:2)
  Robin (D:3)
  6 adders
  6 gnolls
  8 white imps
  7 ufetubi (Abyss:3)
  3 adder zombies
  A worm (D:2)
  3 dart slugs (D:1)
  38 orcs
  6 ball pythons
  6 endoplasms
  A giant cockroach (D:1)
  10 goblins
  5 hobgoblins
  5 jackals
  6 quokkas
  3 training dummies (Snake:4)
  A ball python skeleton (D:2)
  6 bats
  11 kobolds
  4 rats
  A fire vortex (Depths:3)
  21 starspawn tentacles (Abyss:3)
  6 tentacles (Shoals:3)
2284 creatures vanquished.

Vanquished Creatures (others)
  A centaur warrior (D:15)
  2 naga sharpshooters (Snake:4)
  A hell knight (Vaults:4)
  A wizard (D:13)
  A deep elf zephyrmancer (Elf:2)
  3 deep elf pyromancers
  A blink frog (Abyss:3)
  A water elemental (Elf:2)
  13 fungi
  A lurking horror (Lair:1)
  85 plants
  46 starspawn tentacles (Abyss:3)
  6 tentacles (Shoals:3)
  3 withered plants (D:2)
165 creatures vanquished.

Grand Total: 2449 creatures vanquished

Notes
Turn   | Place    | Note
-------+----------+-------------------------------------------
     0 | D:5      | flotson the Demonspawn Delver began the quest for the Orb.
     0 | D:5      | Reached XP level 1. HP: 18/18 MP: 1/1
     9 | D:5      | Got Sif Muna's Discursus on Ice and Fascination
    24 | D:5      | Noticed a jelly
    26 | D:5      | Identified the +4 whip of the Weasel {vorpal, Int+4 Dex+3}
    43 | D:4      | Gained mutation: You regenerate magic rapidly. [demonic
                  | ancestry]
    43 | D:4      | Reached XP level 2. HP: 24/24 MP: 2/2
   386 | D:2      | Reached skill level 1 in Armour
   386 | D:2      | Reached skill level 1 in Evocations
   386 | D:2      | Gained mutation: When hurt, damage is shared between your
                  | health and your magic reserves. [demonic ancestry]
   386 | D:2      | Reached XP level 3. HP: 25/29 MP: 3/3
   959 | D:1      | Reached skill level 1 in Axes
   962 | D:1      | Reached XP level 4. HP: 27/35 MP: 4/4
  1630 | D:2      | Found a faded altar of an unknown god.
  2242 | D:3      | Identified the +3 helmet of the Assorted Spirits {rElec rC+
                  | Str+2}
  2242 | D:3      | Noticed Robin
  2249 | D:3      | Gained mutation: Spells you cast may paralyse adjacent
                  | enemies. [demonic ancestry]
  2249 | D:3      | Reached XP level 5. HP: 32/42 MP: 3/5
  2251 | D:3      | Killed Robin
  2420 | D:3      | Found a basalt altar of Yredelemnul.
  2507 | D:3      | Found a stormy altar of Qazlal.
  2620 | D:3      | Found a radiant altar of Vehumet.
  2624 | D:3      | Found a blossoming altar of Fedhas.
  2625 | D:3      | Found an opulent altar of Gozag.
  2628 | D:3      | Became a worshipper of Gozag Ym Sagoz the Greedy
  2786 | D:4      | Noticed flotson's ghost (weakling DsDe)
  2805 | D:4      | Found a runed translucent gate.
  2805 | D:4      | Found a runed translucent gate.
  2807 | D:4      | Found a runed translucent gate.
  2817 | D:4      | Noticed a black bear
  2831 | D:4      | Killed a black bear
  2832 | D:4      | Reached skill level 2 in Axes
  2832 | D:4      | Reached XP level 6. HP: 25/48 MP: 3/6
  3037 | D:4      | Identified the +11 war axe of Risk Management {vorpal,
                  | rElec rPois rF+}
  3390 | D:4      | Killed flotson's ghost
  3542 | D:5      | Gained mutation: You are partially covered in icy blue
                  | scales. (AC +2) [demonic ancestry]
  3542 | D:5      | Reached XP level 7. HP: 55/55 MP: 7/7
  3864 | D:5      | Reached skill level 3 in Axes
  4030 | D:5      | Found a hazy altar of Hepliaklqana.
  4500 | D:5      | Found a blossoming altar of Fedhas.
  4692 | D:6      | Found a burning altar of Makhleb.
  4717 | D:6      | Found a runed translucent door.
  4720 | D:6      | Found a shimmering altar of Xom.
  4720 | D:6      | Noticed a +0 rapier of chaos
  4720 | D:6      | Noticed ptdevnull's ghost (novice TeAE)
  4747 | D:6      | Found a staircase to the Ecumenical Temple.
  4824 | D:6      | Reached skill level 4 in Axes
  4824 | D:6      | Reached skill level 1 in Shields
  4824 | D:6      | Reached XP level 8. HP: 61/61 MP: 8/8
  4827 | D:6      | Reached skill level 5 in Fighting
  5298 | D:7      | Noticed a troll
  5311 | D:7      | Killed a troll
  5312 | D:7      | Reached skill level 5 in Axes
  5445 | D:7      | Reached XP level 9. HP: 60/68 MP: 9/9
  5846 | D:7      | Noticed Prince Ribbit
  5856 | D:7      | Killed Prince Ribbit
  6089 | D:8      | Reached skill level 5 in Dodging
  6094 | D:8      | Reached skill level 6 in Axes
  6098 | D:8      | Reached skill level 5 in Evocations
  6287 | D:8      | Found Ynkiolef's Book Emporium.
  6330 | D:8      | Noticed Erica
  6342 | D:8      | Killed Erica
  6343 | D:8      | Reached skill level 5 in Armour
  6491 | D:8      | Found an ornate altar of the Wu Jian Council.
  6495 | D:8      | Noticed Maurice
  6509 | D:8      | Paralysed by something for 2 turns
  6513 | D:8      | Paralysed by something for 3 turns
  6525 | D:8      | Killed Maurice
  6526 | D:8      | Gained mutation: Spells you cast may paralyse nearby
                  | enemies. [demonic ancestry]
  6526 | D:8      | Reached XP level 10. HP: 69/77 MP: 10/10
  6788 | D:9      | Paralysed by a hornet for 1 turns
  7129 | D:9      | Reached skill level 7 in Axes
  7480 | D:9      | Noticed a sun demon
  7486 | D:9      | Reached skill level 1 in Throwing
  7711 | D:9      | Found a hazy altar of Hepliaklqana.
  7715 | D:9      | Found a staircase to the Lair.
  7986 | D:9      | Noticed Harold
  8008 | D:9      | Killed Harold
  8394 | D:10     | Entered Level 10 of the Dungeon
  8626 | D:10     | Found Sixkug's Weapon Emporium.
  8719 | D:10     | Noticed Erolcha
  8794 | Abyss:2  | Cast into level 2 of the Abyss (Erolcha)
  8863 | Abyss:2  | Reached skill level 8 in Axes
  8907 | Abyss:2  | Noticed a wretched star
  9065 | Abyss:2  | Gained mutation: You have sharp fingernails. [demonic
                  | ancestry]
  9065 | Abyss:2  | Reached XP level 11. HP: 84/84 MP: 11/11
  9145 | Abyss:2  | Noticed a tentacled starspawn
  9173 | Abyss:2  | Noticed an ancient lich
  9214 | Abyss:2  | Noticed a sixfirhy
  9217 | Abyss:2  | Noticed a thrashing horror
  9217 | Abyss:2  | Noticed a thrashing horror
  9228 | Abyss:2  | Killed a thrashing horror
  9229 | Abyss:2  | Reached skill level 5 in Shields
  9233 | D:10     | Escaped the Abyss
  9715 | Lair:1   | Entered Level 1 of the Lair of Beasts
  9715 | Lair:1   | Found a one-way gate to the infinite horrors of the Abyss.
  9715 | Lair:1   | Found a corrupted altar of Lugonu.
  9880 | Lair:1   | Noticed a seven-headed hydra
  9891 | Lair:1   | Killed a one-headed hydra
 10118 | Lair:1   | Found a transporter.
 10672 | Lair:1   | Reached skill level 9 in Axes
 10790 | Lair:1   | Found a transporter.
 10870 | Lair:1   | Noticed a fire crab
 11351 | Lair:2   | Found a staircase to the Snake Pit.
 11369 | Lair:2   | Reached XP level 12. HP: 67/92 MP: 12/12
 11650 | Lair:2   | Found an ornate altar of the Wu Jian Council.
 11724 | Lair:2   | Found a staircase to the Shoals.
 12137 | Lair:3   | Noticed a death yak
 12137 | Lair:3   | Noticed a death yak
 12151 | Lair:3   | Noticed a death yak
 12154 | Lair:3   | Noticed a death yak
 12170 | Lair:2   | Killed a death yak
 12176 | Lair:2   | Killed a death yak
 12972 | Lair:3   | Reached skill level 10 in Axes
 13005 | Lair:3   | Noticed a seven-headed hydra
 13366 | Lair:3   | Killed a five-headed hydra
 13434 | Lair:3   | Killed a death yak
 13441 | Lair:3   | Killed a death yak
 13929 | Lair:3   | Noticed a seven-headed hydra
 13957 | Lair:4   | Reached skill level 5 in Throwing
 14585 | Lair:3   | Killed a three-headed hydra
 15357 | Lair:4   | Found the +4 skin of Zhor {*Englaciate rC+++ SInv}
 15399 | Lair:4   | Reached XP level 13. HP: 95/100 MP: 11/13
 15458 | Lair:4   | Identified the +5 ring mail of Demons {Dex+3}
 15682 | Lair:5   | Entered Level 5 of the Lair of Beasts
 15975 | Lair:5   | Found a runed translucent door.
 15976 | Lair:5   | Found a staircase to the Slime Pits.
 16086 | Lair:5   | Reached skill level 11 in Axes
 17795 | D:10     | Noticed Josephine
 17806 | D:10     | Killed Josephine
 17932 | D:10     | Found Vixoxzez's Neck Hole.
 17938 | D:10     | Bought an amulet of reflection for 480 gold pieces
 17938 | D:10     | Bought a scarf of invisibility for 192 gold pieces
 18552 | D:11     | Found a staircase to the Orcish Mines.
 18787 | D:11     | Found Onguraf's Assorted Antiques.
 18796 | D:11     | Bought a scroll of identify for 54 gold pieces
 18796 | D:11     | Bought a scroll labelled DIGIUWKUKHLY for 27 gold pieces
 18796 | D:11     | Bought a scroll labelled DIGIUWKUKHLY for 27 gold pieces
 19010 | D:11     | Gained mutation: You are mostly covered in icy blue scales.
                  | (AC +3) [demonic ancestry]
 19010 | D:11     | Reached XP level 14. HP: 87/109 MP: 11/14
 19115 | D:11     | Identified the ring of Uluhah {Fire MP+9}
 19123 | D:11     | Identified the +1 cloak of Pessimism {Harm rF+ Dex+2}
 20062 | D:13     | Reached skill level 12 in Axes
 20206 | D:13     | Reached skill level 10 in Fighting
 21128 | D:13     | Found a gate to the Vaults.
 21363 | D:14     | Noticed Nessos
 21373 | D:14     | Killed Nessos
 21423 | D:14     | Found a blossoming altar of Fedhas.
 21472 | D:14     | Noticed Rupert
 21480 | D:14     | Killed Rupert
 21605 | D:14     | Noticed Agnes
 21608 | D:14     | Reached skill level 10 in Evocations
 21620 | D:14     | Killed Agnes
 21622 | D:14     | Gained mutation: You have very sharp fingernails. [demonic
                  | ancestry]
 21622 | D:14     | Reached XP level 15. HP: 86/117 MP: 13/15
 22141 | D:15     | Entered Level 15 of the Dungeon
 22617 | D:15     | Noticed Jorgrun
 22926 | D:15     | Reached skill level 13 in Axes
 23118 | D:15     | Found a staircase to the Depths.
 23590 | D:15     | Killed Jorgrun
 23815 | Orc:1    | Entered Level 1 of the Orcish Mines
 24396 | Orc:2    | Entered Level 2 of the Orcish Mines
 24404 | Orc:2    | Found a staircase to the Elven Halls.
 24407 | Orc:2    | Noticed an orc warlord
 24445 | Orc:2    | Killed an orc warlord
 24449 | Orc:2    | Found a gate leading to a gauntlet.
 24462 | Gauntlet | Entered a Gauntlet
 24462 | Gauntlet | Found a transporter.
 24462 | Gauntlet | Found a transporter.
 24648 | Gauntlet | Found a transporter.
 24652 | Gauntlet | Found a transporter.
 24665 | Gauntlet | Found a transporter.
 24666 | Gauntlet | Found a transporter.
 24674 | Gauntlet | Found a transporter.
 24694 | Gauntlet | Found a transporter.
 24711 | Gauntlet | Found a transporter.
 24715 | Gauntlet | Found a transporter.
 24723 | Gauntlet | Found a transporter.
 24727 | Gauntlet | Found a transporter.
 25187 | Gauntlet | Got the Almanac of the Dimensional Squall
 25650 | Orc:2    | Reached skill level 10 in Dodging
 25768 | Orc:2    | Found Lihoaxoj's Armour Shoppe.
 25768 | Orc:2    | Found Gataleong's General Store.
 25822 | Orc:2    | Found Kacaram's Distillery.
 25824 | Orc:2    | Found Irojopece's Armour Shop.
 25828 | Orc:2    | Bought a scroll of blinking for 112 gold pieces
 25829 | Orc:2    | Bought the +0 pair of gloves of Elyvilon's Whim {Harm Will+
                  | Dex+3} for 234 gold pieces
 25842 | Orc:2    | Bought a potion of curing for 42 gold pieces
 25842 | Orc:2    | Bought a potion of curing for 42 gold pieces
 25842 | Orc:2    | Bought a potion of heal wounds for 70 gold pieces
 25842 | Orc:2    | Bought 2 potions of berserk rage for 140 gold pieces
 26273 | Elf:1    | Entered Level 1 of the Elven Halls
 26273 | Elf:1    | Noticed a deep elf sorcerer
 26286 | Elf:1    | Killed a deep elf sorcerer
 26611 | Elf:1    | Reached skill level 10 in Armour
 27521 | Elf:2    | Gained mutation: You punish those that try to bend your
                  | will. (Will+) [demonic ancestry]
 27521 | Elf:2    | Reached XP level 16. HP: 45/125 MP: 9/16
 28201 | Elf:2    | Reached skill level 14 in Axes
 28319 | Elf:1    | Found a shimmering blue altar of Sif Muna.
 28364 | Elf:2    | Found a runed translucent gate.
 28569 | Elf:2    | Paralysed by an air elemental for 1 turns
 28592 | Elf:2    | Paralysed by an air elemental for 1 turns
 28623 | Elf:2    | Paralysed by an air elemental for 1 turns
 28994 | Elf:2    | Paralysed by an air elemental for 1 turns
 29314 | Elf:2    | Found a runed translucent gate.
 29314 | Elf:2    | Found a runed translucent gate.
 29325 | Elf:2    | Noticed a deep elf blademaster
 29339 | Elf:2    | Killed a deep elf blademaster
 30112 | Elf:2    | Reached skill level 10 in Shields
 30863 | Elf:3    | Entered Level 3 of the Elven Halls
 31415 | Elf:3    | Gained mutation: You have claws for hands. [demonic
                  | ancestry]
 31415 | Elf:3    | Reached XP level 17. HP: 41/133 MP: 10/17
 31853 | Elf:3    | Reached skill level 15 in Axes
 32497 | Elf:3    | Noticed a deep elf blademaster
 32517 | Elf:3    | Killed a deep elf blademaster
 32666 | Elf:3    | Noticed a deep elf master archer
 32718 | Elf:3    | Killed a deep elf master archer
 32723 | Elf:3    | Noticed a deep elf master archer
 32726 | Elf:3    | Killed a deep elf master archer
 32730 | Elf:3    | Identified the ring "Nayfra Fato" {rCorr Str+5 Int+3}
 32730 | Elf:3    | Noticed a deep elf master archer
 32733 | Elf:3    | Noticed a deep elf blademaster
 32751 | Elf:3    | Killed a deep elf master archer
 32752 | Elf:3    | Killed a deep elf blademaster
 32756 | Elf:3    | Identified the +6 bardiche of Recklessness {pain, *Noise
                  | rPois rC+ Int+2}
 32758 | Elf:3    | Identified the +12 lajatang of Cablon {vamp, *Noise rN+
                  | MP+9 Int+3}
 32758 | Elf:3    | Identified the amulet "Ijopy" {Acrobat Dex+2}
 33490 | Elf:3    | Identified the +1 sling of the Grinning Seer {vorpal, rElec
                  | Dex+2}
 33492 | Elf:3    | Got the Disquisition on Charged Black Magic
 33495 | Elf:3    | Identified the +5 ring mail of Anaesthesia {rPois Will+++
                  | Str+2 SInv}
 33515 | Elf:3    | Identified the +0 scale mail of the Camelopard {rElec rN++
                  | Slay+2}
 33518 | Elf:3    | Identified the +7 short sword "Ystesudoirgh" {vorpal, rF+
                  | Str+3 Int+4 Dex+5}
 34287 | Elf:3    | Bought a scroll of teleportation for 75 gold pieces
 34291 | Elf:3    | Bought a scorched chain mail for 361 gold pieces
 34291 | Elf:3    | Identified the +4 chain mail of Waqirrik {Regen+} (You
                  | bought it in a shop on level 3 of the Elven Halls)
 34291 | Elf:3    | Bought a smelly plate armour for 1064 gold pieces
 34291 | Elf:3    | Identified the +1 plate armour of the Trilobite {rPois rC-
                  | rN+} (You bought it in a shop on level 3 of the Elven
                  | Halls)
 34291 | Elf:3    | Bought a jewelled plate armour for 1064 gold pieces
 34291 | Elf:3    | Identified the +10 plate armour of Temperance {rN+ Regen+
                  | Slay+2 SInv} (You bought it in a shop on level 3 of the
                  | Elven Halls)
 34291 | Elf:3    | Bought a bloodstained helmet for 361 gold pieces
 34291 | Elf:3    | Identified the +2 helmet "Upomy" {Int+3} (You bought it in
                  | a shop on level 3 of the Elven Halls)
 34604 | Snake:1  | Entered Level 1 of the Snake Pit
 34628 | Snake:1  | Noticed Aizul
 34643 | Snake:1  | Killed Aizul
 36203 | Snake:3  | Gained mutation: You are resistant to unholy torment.
                  | [demonic ancestry]
 36203 | Snake:3  | Reached XP level 18. HP: 133/142 MP: 16/18
 36204 | Snake:3  | Reached skill level 16 in Axes
 36529 | Snake:3  | Learned a level 3 spell: Dazzling Flash
 36531 | Snake:3  | Learned a level 1 spell: Apportation
 36534 | Snake:3  | Learned a level 2 spell: Blink
 36537 | Snake:3  | Learned a level 2 spell: Ensorcelled Hibernation
 37074 | Snake:4  | Entered Level 4 of the Snake Pit
 37204 | Snake:4  | Reached skill level 1 in Conjurations
 37278 | Snake:4  | Reached skill level 1 in Hexes
 37291 | Snake:4  | Found Umybry's Firing Range.
 37321 | Snake:4  | Bought 3 silver javelins for 144 gold pieces
 37321 | Snake:4  | Bought 3 javelins for 48 gold pieces
 37387 | Snake:4  | Reached skill level 1 in Spellcasting
 37387 | Snake:4  | Reached skill level 1 in Ice Magic
 37507 | Snake:4  | Reached skill level 1 in Translocations
 37542 | Snake:4  | Noticed Vashnia
 37742 | Snake:4  | Killed Vashnia
 37837 | Snake:4  | Found Tenub's Weapon Boutique.
 37840 | Snake:4  | Found Irotwo's Weapon Boutique.
 37840 | Snake:4  | Found Taleloeh's General Store.
 37845 | Snake:4  | Bought the +9 broad axe "flotson's Death" {vorpal, rElec
                  | rCorr Str+6 Dex+3} for 1700 gold pieces
 37853 | Snake:4  | Found Mogginui's Assorted Antiques.
 37859 | Snake:4  | Bought a potion of heal wounds for 130 gold pieces
 37859 | Snake:4  | Bought a scroll of blinking for 195 gold pieces
 37859 | Snake:4  | Bought a potion of heal wounds for 130 gold pieces
 37862 | Snake:4  | Bought a potion of curing for 48 gold pieces
 37862 | Snake:4  | Bought 3 scrolls of identify for 96 gold pieces
 38194 | Snake:4  | Got a serpentine rune of Zot
 39474 | Elf:3    | Bought the ring of Jaakhung {rF+ Slay+3} for 535 gold
                  | pieces
 39897 | Shoals:1 | Entered Level 1 of the Shoals
 39921 | Shoals:1 | Found a transporter.
 39939 | Shoals:1 | Noticed gdog's ghost (adept GnDe)
 39962 | Shoals:1 | Found a transporter.
 40041 | Shoals:1 | Found a bloodstained altar of Trog.
 40085 | Shoals:1 | Found Ibic's Book Emporium.
 40512 | Shoals:1 | Identified the +9 hand axe "Vuiliur" {drain, rElec Will-
                  | Dex+4}
 40793 | Shoals:1 | Killed gdog's ghost
 40896 | Shoals:2 | You are sucked into a shaft and drop 1 floor!
 40907 | Shoals:3 | Gained mutation: You can hurl damnation. [demonic ancestry]
 40907 | Shoals:3 | Reached XP level 19. HP: 150/150 MP: 23/23
 40968 | Shoals:3 | Identified the +8 chain mail "Hero's Friend" {+Inv Fly
                  | rElec rPois}
 40974 | Shoals:3 | Noticed Polyphemus
 40991 | Shoals:3 | Killed Polyphemus
 41268 | Shoals:3 | Noticed Ilsuiw
 41299 | Shoals:4 | Entered Level 4 of the Shoals
 41411 | Shoals:3 | Killed Ilsuiw
 41523 | Shoals:3 | Found Cehohim's Antique Weapon Shoppe.
 42105 | Shoals:4 | Identified the +2 leather armour of Youthful Indiscretion
                  | {rElec rF- rC++ Regen+ rCorr}
 42376 | Shoals:4 | Got Lotz's Textbook on Blasting
 42541 | Shoals:4 | HP: 3/151 [merfolk javelineer/silver javelin (11)]
 42652 | Shoals:4 | Got a barnacled rune of Zot
 43253 | Shoals:4 | Upgraded the game from 0.29-a0-993-g4a18f31a58 to
                  | 0.29-a0-997-gf6f7e2dfe7
 44450 | Vaults:1 | Entered Level 1 of the Vaults
 44450 | Vaults:1 | Upgraded the game from 0.29-a0-997-gf6f7e2dfe7 to
                  | 0.29-a0-998-g1987434951
 44506 | Vaults:1 | Reached skill level 17 in Axes
 44881 | Vaults:1 | Reached XP level 20. HP: 155/158 MP: 26/26
 45289 | Vaults:1 | Learned a level 3 spell: Tukima's Dance
 45294 | Vaults:1 | Learned a level 4 spell: Cause Fear
 46235 | Vaults:2 | Reached skill level 5 in Conjurations
 46420 | Vaults:2 | Reached skill level 5 in Hexes
 47013 | Elf:3    | Bought the brooch of Shielding {Spirit SH+8} for 1040 gold
                  | pieces
 47013 | Elf:3    | Found the brooch of Shielding {Spirit SH+8}
 47826 | Snake:4  | Bought a scroll of brand weapon for 152 gold pieces
 48312 | Vaults:3 | Identified the +6 morningstar of Ascent {drain, rF- rC+++
                  | Str+2 Dex+2}
 48473 | Vaults:3 | Reached skill level 5 in Spellcasting
 48767 | Vaults:3 | Found a staircase to the Crypt.
 48827 | Vaults:3 | Reached skill level 5 in Translocations
 49142 | Vaults:4 | Reached skill level 5 in Ice Magic
 50245 | Vaults:4 | Noticed Donald
 50253 | Vaults:4 | Killed Donald
 50293 | Vaults:4 | Noticed Margery
 50315 | Vaults:4 | Killed Margery
 50401 | Vaults:4 | Reached XP level 21. HP: 164/165 MP: 29/29
 50464 | Vaults:4 | Identified a scroll of acquirement
 50589 | Vaults:4 | Acquired 869 gold pieces
 51070 | Vaults:5 | Entered Level 5 of the Vaults
 51101 | Vaults:5 | Noticed a golden dragon
 51115 | Vaults:5 | Killed a golden dragon
 51210 | Vaults:5 | Gained mutation: You occasionally shout uncontrollably at
                  | your foes. [a shining eye]
 51339 | Vaults:5 | Reached skill level 10 in Throwing
 51523 | Vaults:5 | Noticed an ancient lich
 51532 | Vaults:5 | Killed an ancient lich
 51539 | Vaults:5 | Identified the +5 dagger "Yrizo" {vamp, Dex+4}
 51539 | Vaults:5 | Identified the +4 scale mail of Jomoja {Rampage Regen+
                  | Str+4 Stlth+}
 51555 | Vaults:5 | Identified the +9 short sword "Myreud" {pain, Str+3 Int-3
                  | Dex+2 SInv}
 51672 | Vaults:5 | Gained mutation: When low on magic, you restore magic in
                  | place of health. [demonic ancestry]
 51672 | Vaults:5 | Reached XP level 22. HP: 102/173 MP: 27/31
 51827 | Vaults:5 | Noticed a dread lich
 51836 | Vaults:5 | Paralysed by a dread lich for 2 turns
 51840 | Vaults:5 | Killed a dread lich
 51843 | Vaults:5 | Noticed a dread lich
 51867 | Vaults:5 | Killed a dread lich
 52136 | Vaults:5 | Identified the +0 helmet of the Beginning {rPois MP+9
                  | Str-4}
 52154 | Vaults:5 | Identified the +5 halberd of Spite {speed, rF+}
 52178 | Vaults:5 | Noticed Frederick
 52190 | Vaults:5 | Killed Frederick
 52795 | Lair:1   | Identified the +1 pair of boots "Buapnyqi" {Str+4 Slay+2}
 52931 | D:6      | Killed ptdevnull's ghost
 53430 | Vaults:5 | Got a silver rune of Zot
 53514 | Vaults:5 | Got the Precepts of Earthen Blight
 53585 | Vaults:5 | Identified the +5 scale mail of Resourcefulness {rC++}
 53589 | Vaults:5 | Got the Book of the Petrified Snowflakes
 53889 | Depths:1 | Entered Level 1 of the Depths
 53899 | Depths:1 | Paralysed by a floating eye for 3 turns
 54295 | Depths:1 | Learned a level 3 spell: Lesser Beckoning
 54299 | Depths:1 | Learned a level 3 spell: Teleport Other
 54303 | Depths:1 | Learned a level 3 spell: Gell's Gravitas
 54569 | Depths:1 | Reached skill level 15 in Fighting
 54677 | Depths:1 | Found a one-way gateway to a ziggurat.
 55078 | Depths:1 | Found a gateway to Hell.
 55999 | Depths:2 | Noticed a juggernaut
 56121 | Depths:1 | Killed a juggernaut
 56133 | Depths:2 | Gained mutation: You are completely covered in icy blue
                  | scales. (AC +4, rC+) [demonic ancestry]
 56133 | Depths:2 | Reached XP level 23. HP: 124/181 MP: 23/34
 56386 | Depths:2 | Reached skill level 15 in Evocations
 56459 | Depths:2 | You fall into a shaft and drop 2 floors!
 56459 | Depths:4 | Entered Level 4 of the Depths
 56540 | Depths:3 | Found a flickering gateway to a bazaar.
 56560 | Bazaar   | Entered a bazaar
 56560 | Bazaar   | Found Boghedgh's Distillery.
 56560 | Bazaar   | Found Cuamamyl's Antique Armour Emporium.
 56560 | Bazaar   | Found Xopn's Book Emporium.
 56560 | Bazaar   | Found Fuaqieh's Weapon Shoppe.
 56568 | Bazaar   | Bought 2 potions of attraction for 54 gold pieces
 56568 | Bazaar   | Bought 2 potions of heal wounds for 90 gold pieces
 56568 | Bazaar   | Bought a potion of curing for 27 gold pieces
 56568 | Bazaar   | Bought a potion of berserk rage for 45 gold pieces
 56568 | Bazaar   | Bought a potion of haste for 90 gold pieces
 56568 | Bazaar   | Bought a potion of resistance for 90 gold pieces
 56568 | Bazaar   | Bought a potion of heal wounds for 45 gold pieces
 56663 | Depths:2 | Identified the +1 leather armour of the Crypt {+Inv Will-
                  | rCorr}
 57240 | Depths:2 | Found a one-way gate leading to the halls of Pandemonium.
 58061 | Depths:3 | Reached skill level 15 in Shields
 58120 | Depths:3 | Identified the +1 robe of Sif Muna's Castigation {rC+ rN+
                  | Dex+2}
 58835 | Depths:4 | Gained mutation: Potions are less effective at restoring
                  | your health. [a shining eye]
 58836 | Depths:4 | Gained mutation: Your natural rate of healing is unusually
                  | fast. [a shining eye]
 58846 | Depths:4 | Gained mutation: Armour fits poorly on your strangely
                  | shaped body. [a shining eye]
 59421 | Slime:1  | Entered Level 1 of the Pits of Slime
 59423 | Slime:1  | Gained mutation: You are frail. (-10% HP) [a shining eye]
 59429 | Slime:1  | Gained mutation: You occasionally lose the ability to drink
                  | potions when taking damage. [a shining eye]
 59435 | Slime:1  | Gained mutation: You sometimes lose the ability to drink
                  | potions when taking damage. [a shining eye]
 59438 | Slime:1  | Gained mutation: Your spells are a little easier to cast,
                  | but a little less powerful. [a shining eye]
 59546 | Slime:3  | Gained mutation: Your body sometimes deteriorates upon
                  | taking damage. [a shining eye]
 59555 | Slime:3  | Gained mutation: Your body often deteriorates upon taking
                  | damage. [a shining eye]
 59560 | Slime:3  | Gained mutation: You are dopey. (Int -2) [a shining eye]
 59564 | Slime:3  | Gained mutation: [You are clumsy. (Dex -2)] [a shining eye]
 59567 | Slime:3  | Gained mutation: You have hidden genetic defects. [a
                  | shining eye]
 59621 | Slime:4  | Gained mutation: Spells you cast and wands you use may
                  | paralyse nearby enemies. [demonic ancestry]
 59621 | Slime:4  | Reached XP level 24. HP: 170/170 MP: 35/35
 59640 | Slime:4  | Paralysed by a floating eye for 2 turns
 59669 | Slime:5  | Entered Level 5 of the Pits of Slime
 59868 | Slime:5  | Noticed the Royal Jelly
 59892 | Slime:5  | Killed the Royal Jelly
 59917 | Slime:5  | Gained mutation: You frequently scream uncontrollably at
                  | your foes. [hidden defects]
 60115 | Slime:5  | Gained mutation: You have terrible hidden genetic defects.
                  | [a shining eye]
 60115 | Slime:5  | Gained mutation: [You are very clumsy. (Dex -4)] [a shining
                  | eye]
 60119 | Slime:5  | Gained mutation: You are very frail. (-20% HP) [a shining
                  | eye]
 60124 | Slime:5  | Gained mutation: You are weak. (Str -2) [a shining eye]
 60243 | Slime:5  | Got a slimy rune of Zot
 60245 | Slime:5  | Identified the +2 chain mail of Subjectivity {Regen+ Str+8
                  | Int-2 Slay-2}
 60248 | Slime:5  | Got Vocruogi's Handbook of Gelid Moulding
 60249 | Slime:5  | Identified the ring of Guimm {Wiz *Slow rElec rF++ Stlth+}
 60265 | Slime:5  | Identified the +0 leather armour "Daywn" {rCorr Str-2
                  | Dex+6}
 60266 | Slime:5  | Identified the ring "Hesel" {+Blink Fly rF+}
 60276 | Slime:5  | Identified the +2 plate armour of Dramatic Exits {rCorr}
 60291 | Slime:5  | Identified the +7 dagger of Freehold {holy, rPois Dex-3
                  | SInv}
 60317 | Slime:5  | Identified the ring "Hyfuixan" {rPois Str+6 Int+2}
 60320 | Slime:5  | Identified the +6 flail "Ifuocol" {vorpal, Str+5 Dex+3}
 60566 | Slime:4  | Gained mutation: You are very weak. (Str -4) [a shining
                  | eye]
 60569 | Slime:4  | Lost mutation: Your spells are a little easier to cast, but
                  | a little less powerful. [a shining eye]
 60571 | Slime:4  | Gained mutation: You are extremely frail. (-30% HP) [a
                  | shining eye]
 60580 | Slime:4  | Lost mutation: Potions are less effective at restoring your
                  | health. [a shining eye]
 61306 | Snake:1  | Lost mutation: You frequently scream uncontrollably at your
                  | foes. [potion of mutation]
 61306 | Snake:1  | Lost mutation: [You are very clumsy. (Dex -4)] [potion of
                  | mutation]
 61306 | Snake:1  | Lost mutation: [You are clumsy. (Dex -2)] [potion of
                  | mutation]
 61352 | Snake:2  | Lost mutation: You sometimes lose the ability to drink
                  | potions when taking damage. [potion of mutation]
 61352 | Snake:2  | Lost mutation: You occasionally lose the ability to drink
                  | potions when taking damage. [potion of mutation]
 61352 | Snake:2  | Lost mutation: You are dopey. (Int -2) [potion of mutation]
 61352 | Snake:2  | Gained mutation: You passively map a small area around you.
                  | [potion of mutation]
 61576 | Orc:2    | Bought a potion of lignification for 42 gold pieces
 61576 | Orc:2    | Bought 2 potions of attraction for 84 gold pieces
 61576 | Orc:2    | Bought 2 potions of mutation for 224 gold pieces
 61576 | Orc:2    | Lost mutation: Armour fits poorly on your strangely shaped
                  | body. [potion of mutation]
 61576 | Orc:2    | Lost mutation: You are very weak. (Str -4) [potion of
                  | mutation]
 61576 | Orc:2    | Lost mutation: You passively map a small area around you.
                  | [potion of mutation]
 61576 | Orc:2    | Lost mutation: You are extremely frail. (-30% HP) [potion
                  | of mutation]
 61577 | Orc:2    | Lost mutation: You occasionally shout uncontrollably at
                  | your foes. [potion of mutation]
 61577 | Orc:2    | Lost mutation: You have terrible hidden genetic defects.
                  | [potion of mutation]
 61577 | Orc:2    | Lost mutation: Your natural rate of healing is unusually
                  | fast. [potion of mutation]
 61577 | Orc:2    | Gained mutation: Your spells are a little harder to cast,
                  | but a little more powerful. [potion of mutation]
 61577 | Orc:2    | Gained mutation: [You are clumsy. (Dex -2)] [potion of
                  | mutation]
 61610 | Orc:2    | Lost mutation: Your body often deteriorates upon taking
                  | damage. [potion of mutation]
 61610 | Orc:2    | Lost mutation: [You are clumsy. (Dex -2)] [potion of
                  | mutation]
 61610 | Orc:2    | Lost mutation: You have hidden genetic defects. [potion of
                  | mutation]
 61611 | Orc:2    | Lost mutation: Your spells are a little harder to cast, but
                  | a little more powerful. [potion of mutation]
 61611 | Orc:2    | Lost mutation: You are very frail. (-20% HP) [potion of
                  | mutation]
 61611 | Orc:2    | Lost mutation: Your body sometimes deteriorates upon taking
                  | damage. [potion of mutation]
 61611 | Orc:2    | Gained mutation: Your flesh is cold resistant. (rC+)
                  | [potion of mutation]
 61611 | Orc:2    | Gained mutation: Your spells are a little easier to cast,
                  | but a little less powerful. [potion of mutation]
 61611 | Orc:2    | Gained mutation: Your mind is acute. (Int +4, Str/Dex -1)
                  | [potion of mutation]
 61612 | Orc:2    | Lost mutation: Your flesh is cold resistant. (rC+) [potion
                  | of mutation]
 61612 | Orc:2    | Lost mutation: Your spells are a little easier to cast, but
                  | a little less powerful. [potion of mutation]
 61612 | Orc:2    | Gained mutation: You expend magic power (3 MP) to
                  | strengthen your wands. [potion of mutation]
 61612 | Orc:2    | Gained mutation: You have hidden genetic potential. [potion
                  | of mutation]
 61613 | Orc:2    | Lost mutation: You are weak. (Str -2) [potion of mutation]
 61613 | Orc:2    | Lost mutation: You expend magic power (3 MP) to strengthen
                  | your wands. [potion of mutation]
 61614 | Orc:2    | Lost mutation: Your mind is acute. (Int +4, Str/Dex -1)
                  | [potion of mutation]
 61614 | Orc:2    | Lost mutation: You are frail. (-10% HP) [potion of
                  | mutation]
 61614 | Orc:2    | Lost mutation: You have hidden genetic potential. [potion
                  | of mutation]
 61614 | Orc:2    | Gained mutation: You have a pair of small horns on your
                  | head. [potion of mutation]
 61794 | Elf:3    | Lost mutation: You have a pair of small horns on your head.
                  | [potion of mutation]
 61794 | Elf:3    | Gained mutation: You sometimes lose your temper in combat.
                  | [potion of mutation]
 61794 | Elf:3    | Gained mutation: Your skin changes colour to match your
                  | surroundings (Stealth+). [potion of mutation]
 61794 | Elf:3    | Gained mutation: You are robust. (+10% HP) [potion of
                  | mutation]
 61795 | Elf:3    | Lost mutation: You sometimes lose your temper in combat.
                  | [potion of mutation]
 61795 | Elf:3    | Lost mutation: You are robust. (+10% HP) [potion of
                  | mutation]
 61795 | Elf:3    | Lost mutation: Your skin changes colour to match your
                  | surroundings (Stealth+). [potion of mutation]
 61795 | Elf:3    | Gained mutation: You have large cloven feet. [potion of
                  | mutation]
 62896 | Lair:1   | Voluntarily entered the Abyss.
 63262 | Abyss:3  | Found a corrupted altar of Lugonu.
 63301 | Abyss:3  | Found a corrupted altar of Lugonu.
 63499 | Abyss:3  | Paralysed by accursed screaming for 1 turns
 63507 | Abyss:3  | Paralysed by accursed screaming for 2 turns
 63511 | Abyss:3  | Gained mutation: Your spells are a little harder to cast,
                  | but a little more powerful. [a cacodemon]
 63525 | Abyss:3  | Paralysed by accursed screaming for 2 turns
 63919 | Abyss:3  | Reached XP level 25. HP: 197/197 MP: 36/36
 63985 | Abyss:3  | Reached skill level 10 in Hexes
 64078 | Lair:1   | Escaped the Abyss
 64286 | Lair:1   | Voluntarily entered the Abyss.
 64295 | Abyss:3  | Noticed an ancient lich
 64305 | Abyss:3  | Killed an ancient lich
 64430 | Abyss:3  | Reached skill level 10 in Conjurations
 64526 | Abyss:3  | Gained mutation: You are occasionally teleported next to
                  | monsters. [a neqoxec]
 64700 | Abyss:3  | Gained mutation: Your body sometimes deteriorates upon
                  | taking damage. [a neqoxec]
 64736 | Abyss:3  | Reached skill level 15 in Dodging
 65240 | Abyss:3  | Upgraded the game from 0.29-a0-998-g1987434951 to
                  | 0.29-a0-1008-g949cc1d0fb
 65343 | Abyss:3  | Reached skill level 15 in Armour
 65457 | Abyss:3  | Gained mutation: Your body often deteriorates upon taking
                  | damage. [a cacodemon]
 65572 | Abyss:3  | Found a corrupted altar of Lugonu.
 65588 | Abyss:3  | Lost mutation: Your spells are a little harder to cast, but
                  | a little more powerful. [a neqoxec]
 65645 | Abyss:3  | Found a corrupted altar of Lugonu.
 65707 | Abyss:3  | Paralysed by accursed screaming for 1 turns
 65813 | Abyss:3  | Reached skill level 10 in Spellcasting
 65848 | Abyss:3  | Gained mutation: You occasionally lose the ability to read
                  | scrolls when taking damage. [a neqoxec]
 65870 | Abyss:3  | Gained mutation: Your spells are a little easier to cast,
                  | but a little less powerful. [a neqoxec]
 66252 | Abyss:3  | Quit the game

Illustrated notes

Levels and vault maps discovered:
D:1:      dpeg_arrival_yet_another_circle, layout_rooms, minmay_heptomino_w4
D:2:      layout_basic, dreamdust_ecumenical_altar_statues, serial_undead,
          serial_undead_c, serial_undead_b, serial_undead_b, serial_undead_b
D:3:      layout_loops_ring, nicolae_qazlal_eye_of_the_storm, minitemple,
          lemuel_zombie_altar_yredelemnul, uniq_robin
D:4:      layout_loops_ring, gammafunk_ghost_split, corexii_shack
D:5:      layout_basic, serial_co_window_serial, co_window_corner_a,
          co_window_paths_a, co_window_of_opportunity_a,
          co_window_of_opportunity_a, co_window_corner_a,
          co_window_of_opportunity_a, co_window_paths_b, co_window_broadway_a,
          co_window_corner_cb, co_window_of_opportunity_c, glass_columns_a,
          glass_columns_c, glass_columns_b, glass_columns_b,
          hangedman_feature_mirror
D:6:      layout_loops_ring, mainiacjoe_overflow_tiny_flanked,
          minmay_temple_entry_junction_2, ebering_ghost_xom
D:7:      layout_rooms, uniq_prince_ribbit1
D:8:      layout_cave_pools, nicolae_wu_jian_wuxing_cycle, serial_shops, shop,
          uniq_erica, uniq_maurice
D:9:      kennysheep_six_static_rooms, layout_loops_cross,
          nzn_hepliaklqana_mist_gate, uniq_harold
D:10:     layout_loops_corners, serial_shops, nicolae_shop_bloodbath_and_beyond,
          nicolae_shop_sticking_my_neck_out, uniq_erolcha, uniq_josephine
D:11:     layout_roguey, orc_0_dummy, serial_shops, nicolae_square_shop,
          serial_aquarium, aquarium_bridge_long_joined
          [aquarium_subvault_bridge, aquarium_subvault_bridge,
          aquarium_subvault_window, aquarium_subvault_bridge,
          aquarium_subvault_bridge, aquarium_subvault_wall],
          aquarium_bridge_straight [aquarium_subvault_bridge,
          aquarium_subvault_wall, aquarium_subvault_bridge,
          aquarium_subvault_window], aquarium_window_1, aquarium_window_fake,
          aquarium_view_2a, statue_in_the_mist_lemuel, minivault_15
D:12:     layout_rooms, minmay_strange_pillars
D:13:     layout_roguey, david_vaults_1, hangedman_aviary
D:14:     layout_basic, fedhas_altar_4, uniq_agnes, uniq_rupert, uniq_nessos
D:15:     hangedman_depths_entry_try_elsewhere_first, layout_basic,
          grunt_decor_junction, st_stairs_10, uniq_jorgrun
Lair:1:   gammafunk_cloud_chamber, layout_cave_shapes,
          amcnicky_altar_lugonu_corruption
Lair:2:   layout_misc_corridors, minmay_shoals_entry_beasts,
          minmay_snake_entry_six_corridors, basic_altar
Lair:3:   layout_cave_pods, serial_forest, infiniplex_forest_clump_medium,
          infiniplex_forest_clump_small, infiniplex_forest_lined_3,
          infiniplex_forest_straight_3, infiniplex_forest_clump_C,
          infiniplex_forest_clump_diagonal, infiniplex_forest_clump_tiny,
          infiniplex_forest_lined_room_3
Lair:4:   layout_cave_shapes, hellmonk_guarded_unrand_zhor
Lair:5:   minmay_lair_end_enchanted_forest, layout_layer_cave, slime_entry_2
Shoals:1: layout_shoals, gammafunk_ghost_wrathful_warriors, serial_shops,
          nicolae_shop_temple_entry_statues_fountains,
          nicolae_shoals_siren_and_animal_friends
Shoals:2: layout_shoals
Shoals:3: layout_shoals, serial_shops, nicolae_shop_stone, uniq_polyphemus,
          uniq_ilsuiw
Shoals:4: shoals_end_grunt_ice, layout_shoals
Snake:1:  layout_gridlike, uniq_aizul
Snake:2:  layout_gridlike, drop_trap, grunt_megastairs_2
Snake:3:  layout_honeycomb, st_stairs_5
Snake:4:  grunt_snake_rune_serpentine_throne, layout_cave_town,
          nicolae_shop_firing_range, minmay_shoptagon
Slime:1:  layout_caves
Slime:2:  cheibrodos_slime_lost_civilization_10, layout_caves
Slime:3:  layout_caves
Slime:4:  layout_caves
Slime:5
Orc:1:    layout_diamond_mine
Orc:2:    st_orc_rangers, layout_caves, gauntlet_entry_generic
Elf:1:    elf_arrival_002, layout_gridlike, serial_sigils,
          serial_sigils_hangedman_quiver, serial_sigils_hangedman_scratch,
          serial_sigils_hangedman_stare, serial_sigils_hangedman_etch,
          serial_sigils_hangedman_scar, lemuel_upstairs_altar
Elf:2:    nicolae_elf_blades_crystal_corner, layout_gridlike
Elf:3:    minmay_elf_hall_four_x, layout_geoelf_octagon,
          minmay_misc_feat_pillars, st_stairs_3, chequers_big_river
Vaults:1: vaults_dpeg_cross, ontoclasm_vaults_ring_small,
          vaults_room_large_hall, nicolae_vaults_specimen_jars,
          vaults_dpeg_hooks, vaults_mumra_chevron, v_rooms_2,
          nicolae_vaults_network_s, hangedman_vaults_stream,
          hangedman_vaults_maws, hangedman_vaults_impose,
          ontoclasm_vaults_loading_screen, v_misc_4, layout_vaults_omnicross
Vaults:2: vaults_mumra_minichess, vaults_dpeg_ring, nicolae_vaults_gold_heap,
          hangedman_vaults_pinch, ontoclasm_vaults_ring_square,
          layout_vaults_omnigrid
Vaults:3: ontoclasm_vaults_tryst, vaults_room_ringed_pool,
          ontoclasm_vaults_hangar, minmay_crypt_entry_simple_corners,
          vaults_mumra_hexcomb, nicolae_vaults_theta,
          nicolae_vaults_little_squares_2, v_pattern_4, dpeg_vaults_monster_box,
          ontoclasm_vaults_spin, ontoclasm_vaults_loading_screen,
          vaults_room_fours, layout_vaults_ring
Vaults:4: vaults_standard_mumra_lines, ontoclasm_vaults_misaligned,
          nicolae_vaults_circle_grid_b, nicolae_vaults_ring_of_whatevers,
          v_rooms_1, ontoclasm_vaults_gateway, vaults_dpeg_spiral,
          ontoclasm_vaults_gallery, ontoclasm_vaults_misaligned,
          hangedman_vaults_stitches, vaults_room_semicircle,
          vaults_room_hallway, layout_vaults_maze, uniq_donald, uniq_margery
Vaults:5: uniq_frederick
Depths:1: minmay_imperfect_grid, layout_basic, enter_ziggurat_d, hell_entry,
          minmay_misc_feat_nine_boxes, minmay_misc_feat_encased,
          chequers_serial_rivers_large_a, drop_trap, minmay_fire_ice_demons
Depths:2: minmay_the_grid_octo_tiled_squarecenter
          [minmay_the_grid_octo_odd_swirl, minmay_the_grid_octo_concentric,
          minmay_the_grid_octo_clover_2, minmay_the_grid_octo_horde,
          minmay_the_grid_square_5x5_megaprize_diamond,
          minmay_the_grid_square_5x5_pentomino_r,
          minmay_the_grid_square_5x5_corner,
          minmay_the_grid_square_5x5_shuriken,
          minmay_the_grid_square_5x5_hourglass], layout_cave_shapes,
          rand_demon_pan_entry_8, hell_entry, uniq_josephina
Depths:3: kennysheep_scales, layout_honeycomb, rand_demon_pan_entry_9,
          hell_entry, serial_shops, bzr_entry_water, abyss_entry_glasseish,
          minmay_hollow_rounded_squares, infiniplex_staircase_pillars_3b
Depths:4: lemuel_castle_with_subvaults [lemuel_castle_interior_original],
          layout_honeycomb, nicolae_hell_entry_hellmouth_sunbeams,
          corexii_leaking_fountain, rand_demon_pan_entry_4, corner_web_ring
Abyss:3:  base: D:9, hangedman_glass_garden, small_statue_intersection, base:
          Lair:2, base: Lair:2, hangedman_abyss_town, base: Depths:3,
          gammafunk_corrupted_shrine, hangedman_abyss_rune_macabre_mess,
          hangedman_abyss_theft, hangedman_abyss_theft

Skill      XL: |  1  2  3  4  5  6  7  8  9 10 11 12 13 14 15 16 17 18 19 20 21 22 23 24 25 |
---------------+----------------------------------------------------------------------------+-----
Dodging        | 2 3 4 5 6 7 8 9 10 11 12 13 14 15 | 15.2
Armour         | 1 2 3 4 5 6 7 8 9 10 11 12 13 14 15 | 15.1
Evocations     | 1 2 3 4 5 6 7 8 9 10 11 12 13 14 15 16 | 16.3
Axes           | 1 2 4 5 6 8 9 10 11 12 13 14 15 16 17 | 17.9
Fighting       | 4 5 6 7 8 9 10 11 12 13 14 15 16 | 16.4
Shields        | 1 2 3 4 5 6 7 8 9 10 11 12 13 14 15 16 | 16.8
Throwing       | 2 4 5 6 7 8 9 10 11 12 | 12.5
Conjurations   | 3 4 5 7 8 9 10 | 10.5
Hexes          | 3 4 5 6 8 9 10 | 10.5
Spellcasting   | 2 4 5 6 7 8 9 10 | 10.1
Ice Magic      | 2 4 5 6 7 8 9 |  9.8
Translocations | 2 4 5 6 7 8 9 |  9.9
Polearms       | |  1.7
Stealth        | |  4.5

Action                   |  1- 3 |  4- 6 |  7- 9 | 10-12 | 13-15 | 16-18 | 19-21 | 22-24 | 25-27 || total
-------------------------+-------+-------+-------+-------+-------+-------+-------+-------+-------++-------
Melee: Whip              |    55 |   121 |       |       |       |       |       |       |       ||   176
       Punch             |       |     2 |       |       |       |       |       |       |       ||     2
       War axe           |       |    21 |   142 |   388 |   841 |  1054 |       |       |       ||  2446
       Scimitar          |       |       |       |    27 |    21 |       |       |       |       ||    48
       Broad axe         |       |       |       |       |       |   176 |  1396 |  1740 |   698 ||  4010
       Unarmed           |       |       |       |       |       |       |       |       |     1 ||     1
Throw: Dart              |       |       |       |     7 |     4 |     6 |       |       |       ||    17
       Throwing net      |       |       |       |     2 |       |     1 |       |       |       ||     3
       Javelin           |       |       |       |       |       |     2 |       |     4 |       ||     6
 Cast: Blink             |       |       |       |       |       |       |       |     2 |     2 ||     4
Invok: Call Merchant     |       |       |       |       |       |     4 |       |       |       ||     4
Evoke: Wand              |       |       |     8 |    10 |     4 |     9 |     3 |     3 |       ||    37
       Condenser vane    |       |       |       |       |     2 |       |       |       |     1 ||     3
       Piece from Xom's  |       |       |       |       |     1 |       |       |       |       ||     1
  Use: Scroll            |       |       |     8 |     7 |    12 |    20 |    12 |    14 |     1 ||    74
       Potion            |       |       |       |     2 |     4 |     6 |     3 |    11 |     1 ||    27
 Stab: Sleeping          |     6 |     9 |       |     1 |     5 |       |       |       |       ||    21
       Distracted        |       |     2 |       |     7 |    11 |     8 |    19 |    35 |    21 ||   103
       Petrified         |       |       |       |       |       |       |     3 |       |       ||     3
       Petrifying        |       |       |       |       |       |       |     1 |       |       ||     1
Armor: Leather armour    |     2 |       |       |       |       |       |       |       |       ||     2
       Ring mail         |     9 |    63 |    15 |       |     1 |     1 |       |       |       ||    89
       Scale mail        |       |       |    48 |   185 |     9 |       |       |       |       ||   242
       Animal skin       |       |       |       |       |    75 |       |       |       |       ||    75
       Chain mail        |       |       |       |       |   402 |   162 |       |       |       ||   564
       Plate armour      |       |       |       |       |       |   247 |   464 |   459 |   126 ||  1296
Dodge: Dodged            |    29 |    93 |    74 |   239 |   280 |   243 |   341 |   333 |   106 ||  1738
       Repelled          |       |     1 |       |     1 |     1 |       |       |       |       ||     3
Block: Buckler           |       |       |    38 |    99 |       |       |       |       |       ||   137
       Tower shield      |       |       |       |   198 |   993 |  1306 |  1748 |  1990 |   703 ||  6938
       Reflection        |       |       |       |       |   114 |   160 |   120 |    28 |    24 ||   446

Table legend: (Time is in decaauts)
 A = Elapsed time spent in this place.
 B = Non-inter-level travel time spent in this place.
 C = Inter-level travel time spent in this place.
 D = Time resting spent in this place.
 E = Time spent auto-exploring this place.
 F = Levels seen in this place.
 G = Mean time per level.
                   A        B        C        D        E       F      G
               +--------+--------+--------+--------+--------+-----+--------+
         Total |  66513 |  58026 |   8487 |   1751 |  42572 |  53 | 1255.0 |
       Dungeon |  17446 |  14967 |   2479 |    644 |  11937 |  15 | 1163.1 |
          Lair |   9386 |   8191 |   1195 |    217 |   6568 |   5 | 1877.2 |
        Shoals |   4749 |   4150 |    599 |     99 |   2915 |   4 | 1187.2 |
     Snake Pit |   4656 |   3878 |    778 |     27 |   2959 |   4 | 1164.0 |
    Slime Pits |   1750 |   1636 |    114 |     98 |    901 |   5 |  350.0 |
  Orcish Mines |   2318 |   1701 |    617 |    146 |   1222 |   2 | 1159.0 |
   Elven Halls |   8956 |   7973 |    983 |    336 |   6146 |   3 | 2985.3 |
        Vaults |   7810 |   6283 |   1527 |      0 |   4621 |   5 | 1562.0 |
        Depths |   5140 |   4948 |    192 |    184 |   3436 |   4 | 1285.0 |
         Abyss |   3473 |   3473 |      0 |      0 |   1153 |   4 |  868.2 |
        Bazaar |     29 |     29 |      0 |      0 |     24 |   1 |   29.0 |
      Gauntlet |    795 |    795 |      0 |      0 |    689 |   1 |  795.0 |
               +--------+--------+--------+--------+--------+-----+--------+

Top non-repeatable levels by time:
   Elf:3: 3882 daAuts
   Elf:2: 3478 daAuts
 Abyss:3: 2980 daAuts
  Lair:3: 2391 daAuts
     D:9: 2318 daAuts
Depths:1: 2198 daAuts
  Lair:1: 2115 daAuts
  Lair:5: 2055 daAuts
Vaults:5: 1914 daAuts
    D:10: 1823 daAuts
 Snake:4: 1744 daAuts
Vaults:3: 1678 daAuts
  Lair:2: 1672 daAuts
    D:13: 1619 daAuts
   Elf:1: 1595 daAuts
